 Dungeon Crawl Stone Soup version 0.30.0-5-g1a98f26d00 (webtiles) character file.

Game seed: 12172913053163368795

101 bmack86 the Covered (level 4, 0/40 HPs)
             Began as a Minotaur Fighter on May 8, 2023.
             Killed from afar by Terence (2 damage)
             ... with a bolt of light
             ... on level 3 of the Dungeon.
             The game lasted 00:02:44 (1384 turns).

bmack86 the Covered (Minotaur Fighter)              Turns: 1384, Time: 00:02:45

Health: 0/40       AC: 12    Str: 23    XL:     4   Next: 48%
Magic:  0/3        EV:  8    Int:  5    God:
Gold:   95         SH:  0    Dex:  9    Spells: 3/3 levels left

rFire   . . .        a - +0 war axe
rCold   . . .        c - +0 buckler
rNeg    . . .        f - +1 chain mail
rPois   .            (helmet restricted)
rElec   .            (no cloak)
rCorr   .            i - +1 Delatra's gloves {ID++}
SInv    .            (no boots)
Will    .....        l - amulet of guardian spirit Stlth
                     (no ring)
HPRegen 0.26/turn    (no ring)
MPRegen 0.08/turn

%: guardian spirit
@: confused
A: horns 2, retaliatory headbutt
a: no special abilities


You were on level 3 of the Dungeon.
You visited 1 branch of the dungeon, and saw 3 of its levels.

You collected 95 gold pieces.

Inventory:

Hand Weapons
 a - a +0 war axe (weapon)
Missiles
 h - a throwing net (quivered)
Armour
 b - a +0 scale mail
 c - a +0 buckler (worn)
 e - a +2 pair of boots
 f - a +1 chain mail (worn)
 i - the +1 Delatra's gloves (worn) {ID++}
   (You found it on level 2 of the Dungeon)

   ID++:      It heals its wearer when they drink unknown potions, and restores
   their MP when they read unknown scrolls.
Jewellery
 l - an amulet of guardian spirit (around neck)
Scrolls
 k - a scroll of amnesia
 m - a scroll of teleportation {unknown}
 n - a scroll of identify {unknown}
Potions
 d - a potion of might
 g - a potion of attraction {unknown}
 j - a potion of curing {unknown}


   Skills:
 + Level 4.3 Fighting
 * Level 4.1 Axes
 + Level 4.3 Armour
 + Level 4.3 Shields


You had 3 spell levels left.
You didn't know any spells.
Your spell library contained the following spells:

 Spells                   Type           Power      Damage    Failure   Level
 Poisonous Vapours        Pois/Air       0%         N/A       99%         2
 Mephitic Cloud           Conj/Pois/Air  0%         N/A       100%        3
 Freezing Cloud           Conj/Ice/Air   0%         6-21      100%        5


Dungeon Overview and Level Annotations

Branches:
Dungeon (3/15)

Altars:

Annotations:
D:3 Terence


Innate Abilities, Weirdness & Mutations

You have a pair of horns on your head.
You reflexively headbutt those who attack you in melee.


Message History

You kill the orc!
You slash the orc!
You kill the orc!
Things that are here:
a +0 club; a +2 pair of boots; a goblin corpse
e - a +2 pair of boots Terence the Incautious comes into view.
He is wielding a +0 mace and carrying a wand of light (11).
You see here a scroll labelled YPEV HOBRAONA.
n - a scroll labelled YPEV HOBRAONA Terence shouts!
You hear a shout!
Terence drinks a potion.
Terence seems to speed up.
Terence hits you with a +0 mace.
Items here: ))) [[ †.
You barely miss Terence. Terence barely misses you. Terence closely misses you.
You furiously retaliate!
You headbutt Terence. You barely miss Terence. Your headbutt misses Terence.
Terence is moderately wounded.
Terence hits you with a +0 mace.
Terence screams, "I'm going to kill you!"
You block Terence's attack.
You slash Terence! Your headbutt misses Terence.
Terence is severely wounded.
Terence hits you with a +0 mace. x2
You barely miss Terence. Your headbutt misses Terence.
Terence is severely wounded.
Terence zaps a wand.
The bolt of light hits you! Terence hits you but does no damage.
You hit Terence.
Terence is almost dead.
Terence zaps a wand.
The bolt of light hits you!
* * * LOW HITPOINT WARNING * * *
Terence hits you but does no damage.
You barely miss Terence. You headbutt Terence.
Terence is almost dead.
Terence barely misses you. Terence hits you but does no damage.
You hit Terence but do no damage.
Terence is almost dead.
Terence zaps a wand.
The bolt of light hits you.
You are confused.
You die...

.................
#.##..#...........
## .....[..>........
....###.............
.$........>†<.......
#######..###.###...#
#####......###.# #
#...>...@.......
..........@)####.
###....#.)...#
####.....#......
###.).####### #....#
#....... #.##..#..
.. #..#### ..# #...


You could see Terence (fast).

Vanquished Creatures
  4 gnolls (D:2)
  An adder (D:2)
  A worm (D:2)
  5 orcs
  5 endoplasms
  A giant cockroach (D:1)
  3 goblins
  3 hobgoblins
  8 jackals
  A quokka (D:1)
  A ball python (D:1)
  3 bats
  3 frilled lizards
  5 rats
44 creatures vanquished.

Notes
Turn   | Place    | Note
-------+----------+-------------------------------------------
     0 | D:1      | bmack86 the Minotaur Fighter began the quest for the Orb.
     0 | D:1      | Reached XP level 1. HP: 19/19 MP: 0/0
   166 | D:1      | Reached XP level 2. HP: 27/27 MP: 1/1
   531 | D:2      | Found a faded altar of an unknown god.
   548 | D:2      | Reached XP level 3. HP: 29/33 MP: 2/2
   787 | D:2      | Reached XP level 4. HP: 40/40 MP: 3/3
   807 | D:2      | Found the +1 Delatra's gloves {ID++}
  1373 | D:3      | Noticed Terence
  1382 | D:3      | HP: 1/40 [Terence/bolt of light (14)]
  1384 | D:3      | Killed from afar by Terence

Illustrated notes

Levels and vault maps discovered:
D:1:      evilmike_arrival_fibonacci_small, layout_rooms
D:2:      layout_basic, ebering_ecumenical_altar_box
D:3:      layout_rooms, gup_sewer_entry_bowl, minmay_distorted, uniq_terence

Skill      XL: |  1  2  3  4 |
---------------+-------------+-----
Axes           | 3 4 |  4.1
Fighting       | 4 |  4.3
Armour         | 4 |  4.3
Shields        | 4 |  4.3

Action                     |  1- 3 |  4- 6 || total
---------------------------+-------+-------++-------
  Melee: War axe           |    64 |    35 ||    99
         Headbutt          |     7 |     5 ||    12
    Use: Scroll            |     1 |     1 ||     2
 Armour: Scale mail        |    21 |       ||    21
         Chain mail        |    22 |    19 ||    41
  Dodge: Dodged            |    46 |    10 ||    56
  Block: Buckler           |    22 |    11 ||    33
